 Seeded DCSS version 0.27.1-34-g3ba077fa99 (webtiles) character file.

Game seed: 8840528127268114696 (custom seed)

615 voltaire321 the Digger (level 7, -6/46 HPs)
             Began as an Octopode Earth Elementalist on Jan 19, 2022.
             Mangled by Pikel (8 damage)
             ... on level 5 of the Dungeon.
             The game lasted 00:09:36 (3884 turns).

voltaire321 the Digger (OpEE)                       Turns: 3884, Time: 00:09:36

Health: -6/46      AC:  1    Str:  7    XL:     7   Next: 45%
Magic:  3/12       EV: 14    Int: 26    God:
Gold:   227        SH:  0    Dex: 12    Spells: 7/13 levels left

rFire    . . .     SeeInvis +   s - +7 whip "Futweuq" {elec, rElec}
rCold    . . .     Faith    .   (no shield)
rNeg     + . .     Spirit   .   (helmet restricted)
rPois    +         Reflect  .   (no amulet)
rElec    +         Harm     .   c - +6 ring of intelligence
rCorr    .         Rampage  .   d - ring of positive energy
Will     .....                  h - ring of see invisible
Stlth    +++.......             l - ring of poison resistance
HPRegen  0.15/turn              (no ring)
MPRegen  0.13/turn              (no ring)
                                (no ring)
                                (no ring)

@: no status effects
A: almost no armour, amphibious, 8 rings, camouflage 1, gelatinous body 1,
(nimble swimmer 1), tentacles
a: no special abilities


You were on level 5 of the Dungeon.
You visited 1 branch of the dungeon, and saw 5 of its levels.

You collected 227 gold pieces.

Inventory:

Hand Weapons
 e - a +0 short sword
 s - the +7 whip "Futweuq" (weapon) {elec, rElec}
   (You found it on level 4 of the Dungeon)

   It occasionally discharges a powerful burst of electricity upon striking a
   foe.
   rElec:     It insulates you from electricity.
Missiles
 n - 40 stones
Magical Staves
 m - a staff of fire
Jewellery
 c - a +6 ring of intelligence (left tentacle)
 d - a ring of positive energy (right tentacle)
 h - a ring of see invisible (on tentacle)
 l - a ring of poison resistance (on tentacle)
Wands
 t - a wand of iceblast (6)
 v - a wand of acid (5)
Scrolls
 a - 3 scrolls of acquirement {unknown}
 g - 7 scrolls of identify {unknown}
 i - a scroll of holy word {unknown}
 k - a scroll of magic mapping {unknown}
 r - a scroll of fear {unknown}
Potions
 b - 2 potions of heal wounds {unknown}
 f - 4 potions of curing {unknown}
 j - 2 potions of might {unknown}
 o - a potion of brilliance {unknown}
 p - a potion of degeneration {unknown}
 q - a potion of haste {unknown}
 u - a potion of invisibility {unknown}
 w - a potion of ambrosia {unknown}


   Skills:
 + Level 3.2 Fighting
 + Level 4.0 Dodging
 - Level 2.6 Stealth
 + Level 3.7 Spellcasting
 + Level 3.3 Transmutations
 + Level 4.4 Earth Magic


You had 7 spell levels left.
You knew the following spells:

 Your Spells              Type           Power      Damage    Failure   Level
a - Sandblast             Erth           56%        2d13      1%          1
b - Passwall              Tmut/Erth      20%        N/A       2%          2
c - Stone Arrow           Conj/Erth      32%        3d9       11%         3

Your spell library contained the following spells:

 Spells                   Type           Power      Damage    Failure   Level
 Ensorcelled Hibernation  Hex/Ice        8%         N/A       13%         2
 Petrify                  Tmut/Erth      25%        N/A       17%         4
 Call Canine Familiar     Summ           4%         N/A       26%         3
 Portal Projectile        Hex/Tloc       8%         N/A       26%         3
 Leda's Liquefaction      Hex/Erth       8%         N/A       34%         4
 Summon Lightning Spire   Summ/Air       4%         N/A       65%         4
 Monstrous Menagerie      Summ           2%         N/A       100%        7
 Animate Armour           Summ/Erth      Unusable   N/A       N/A         4

Dungeon Overview and Level Annotations

Branches:
Dungeon (5/15)
 Temple: D:4-7

Altars:
Dithmenos
Qazlal
Zin

Annotations:
D:5 Pikel


Innate Abilities, Weirdness & Mutations

You cannot wear most types of armour.
You are amphibious.
You can wear up to eight rings at the same time.
Your skin changes colour to match your surroundings (Stealth+).
Your rubbery body absorbs attacks. (AC +1, EV +1)
((You are camouflaged near water. (Stealth+)))
You have tentacles for arms and can constrict up to eight enemies at once.


Message History

Aiming: Stone Arrow (dangerous; 11% risk of failure)
Press: ? - help, Shift-Dir - straight line, f/p - lemure
Aim: a lemure (severely wounded, 60% to hit)
The stone arrow hits the lemure.
The lemure is almost dead.
The lemure barely misses you.
You hit the lemure.
You kill the lemure!
That felt strangely unrewarding.
Casting: Stone Arrow (dangerous; 11% risk of failure)
Confirm with . or Enter, or press ? or * to list all spells.
Aiming: Stone Arrow (dangerous; 11% risk of failure)
Press: ? - help, Shift-Dir - straight line, f - Pikel
Aim: Pikel, wielding a +1 whip of electrocution and wearing a +0 robe (60% to hit)
The stone arrow hits Pikel.
Pikel is lightly wounded.
Casting: Stone Arrow (dangerous; 11% risk of failure)
Confirm with . or Enter, or press ? or * to list all spells.
You don't have enough magic to cast this spell.
Unknown command.
You hit Pikel. Your grab misses Pikel.
Pikel is lightly wounded.
Pikel hits you with a +1 whip of electrocution!
You whack Pikel! Your grab misses Pikel.
Pikel is moderately wounded.
Pikel hits you with a +1 whip of electrocution!
You hit Pikel. You grab Pikel.
Pikel is heavily wounded.
You constrict Pikel, but do no damage.
Pikel hits you with a +1 whip of electrocution!
* * * LOW HITPOINT WARNING * * *
Okay, then.
You hit Pikel but do no damage.
Pikel is heavily wounded.
You constrict Pikel, but do no damage.
Pikel hits you with a +1 whip of electrocution!
* * * LOW HITPOINT WARNING * * *
You release your grip on Pikel.
Pikel hits you with a +1 whip of electrocution!
You die...

.# #........#
.####.#####.#
..........#<#
.####.###.#># .# #.# #.#
.# #.# # #.# .# #.#
#.#.#
.####.###.#.##########.#
...#.......#..5K@......#
.#.#..###.#.############
.#.#..# #.#.# .#.#..###
#.# ........ #.#
.#.##### #K#
....#######[#
.#...55K[.5.#
.#.##########


You could see Pikel and a lemure.

Vanquished Creatures
  An ogre (D:5)
  A phantom (D:3)
  2 lemures (D:5)
  A scorpion (D:4)
  A howler monkey (D:4)
  2 hounds (D:5)
  A jelly (D:4)
  An orc priest (D:3)
  A bullfrog skeleton (D:5)
  2 iguanas (D:5)
  A hound skeleton (D:4)
  Robin (D:4)
  5 adders
  An ufetubus (D:4)
  An adder skeleton (D:4)
  2 worms
  3 dart slugs
  3 orcs (D:3)
  5 bats
  4 endoplasms
  A giant cockroach (D:4)
  13 goblins
  10 hobgoblins
  7 kobolds
  A quokka (D:2)
  7 ball pythons
  A frilled lizard (D:2)
  4 rats
83 creatures vanquished.

Vanquished Creatures (others)
  A goblin (D:4)
1 creature vanquished.

Grand Total: 84 creatures vanquished

Notes
Turn   | Place    | Note
-------+----------+-------------------------------------------
     0 | D:1      | voltaire321 the Octopode Earth Elementalist began the quest
                  | for the Orb.
     0 | D:1      | Reached XP level 1. HP: 11/11 MP: 3/3
   175 | D:1      | Reached XP level 2. HP: 15/18 MP: 3/5
   870 | D:2      | Reached skill level 1 in Fighting
   870 | D:2      | Reached XP level 3. HP: 23/23 MP: 3/6
   879 | D:2      | Found a faded altar of an unknown god.
  1480 | D:3      | Learned a level 2 spell: Passwall
  1484 | D:3      | Learned a level 3 spell: Stone Arrow
  1491 | D:3      | Reached XP level 4. HP: 24/28 MP: 7/7
  1676 | D:3      | Noticed a phantom
  1684 | D:3      | Killed a phantom
  1685 | D:3      | Reached XP level 5. HP: 18/34 MP: 2/9
  2341 | D:4      | Noticed Robin
  2802 | D:4      | Identified the +7 whip "Futweuq" {elec, rElec}
  2851 | D:4      | Found a stormy altar of Qazlal.
  2928 | D:4      | Reached XP level 6. HP: 36/41 MP: 10/10
  2985 | D:4      | Killed Robin
  3291 | D:4      | Got the Papyrus of Slavery and the Glacier
  3298 | D:4      | Found a glowing silver altar of Zin.
  3298 | D:4      | Noticed an angel
  3433 | D:5      | Entered Level 5 of the Dungeon
  3505 | D:5      | Reached XP level 7. HP: 45/45 MP: 12/12
  3529 | D:5      | Found a shadowy altar of Dithmenos.
  3681 | D:5      | Noticed Pikel
  3882 | D:5      | HP: 1/46 [Pikel (7)]
  3884 | D:5      | Mangled by Pikel

Illustrated notes

Levels and vault maps discovered:
D:1:      minmay_arrival_semitransparent, layout_basic
D:2:      layout_rooms, chequers_ecumenical_altar_simple_redux,
          minmay_liquid_box
D:3:      layout_rooms, chequers_serial_rivers_small_3, guppyfry_early_lair_pool
D:4:      layout_basic, grunt_qazlal_clouds, zin_angel,
          kennysheep_generic_room_3, uniq_robin
D:5:      layout_loops_ring, mainiacjoe_overflow_alcove_1, hangedman_ru_absence,
          uniq_pikel

Skill      XL: |  1  2  3  4  5  6  7 |
---------------+----------------------+-----
Fighting       | 1 2 3 |  3.2
Transmutations | 2 3 |  3.3
Dodging        | 3 4 |  4.0
Spellcasting   | 3 |  3.7
Earth Magic    | 4 |  4.4
Stealth        | |  2.6

Action                   |  1- 3 |  4- 6 |  7- 9 || total
-------------------------+-------+-------+-------++-------
Melee: Tentacles         |     4 |     8 |       ||    12
       Unarmed           |     2 |       |       ||     2
       Constrict         |     8 |    18 |     1 ||    27
       Short sword       |    19 |    34 |       ||    53
       Whip              |       |    35 |     9 ||    44
 Cast: Sandblast         |    35 |    15 |       ||    50
       Stone Arrow       |       |     4 |    11 ||    15
 Stab: Sleeping          |     1 |     5 |       ||     6
Armor: Skin              |     6 |     4 |       ||    10
Dodge: Dodged            |    21 |    42 |     3 ||    66
